 Dungeon Crawl Stone Soup version 0.26-a0-651-gb41185065b (webtiles) character file.

Game seed: 1010052621266129209

(classic levelgen) 1691 EnegeticOcto the Cleaver (level 8, -2/74 HPs)
             Began as a Deep Dwarf Fighter on Oct 13, 2020.
             Succumbed to a hornet's poison
             ... on level 7 of the Dungeon.
             The game lasted 00:01:39 (2388 turns).

EnegeticOcto the Cleaver (Deep Dwarf Fighter)       Turns: 2388, Time: 00:01:40

Health: -2/74      AC:  8    Str: 21    XL:     8   Next: 72%
Magic:  0/0        EV: 23    Int: 10    God:
Gold:   299        SH: 10    Dex: 12    Spells: 7/7 levels left

rFire    . . .     SeeInvis .   a - +0 war axe
rCold    . . .     Faith    .   c - +0 kite shield
rNeg     . . .     Spirit   .   b - +0 scale mail
rPois    .         Reflect  .   j - +1 hat
rElec    .         Harm     .   (no cloak)
rCorr    .         Rampage  .   (no gloves)
MR       +....                  (no boots)
Stlth    ..........             q - amulet of the acrobat
HPRegen  0.00/turn              (no ring)
MPRegen  0.07/turn              (no ring)

@: lethally poisoned (-2 -> -5), acrobat, non-regenerating, slowed, very slow
A: damage resistance, heal wounds, sense surroundings 1, no regeneration
a: Heal Wounds


You were on level 7 of the Dungeon.
You visited 2 branches of the dungeon, and saw 8 of its levels.

You collected 299 gold pieces.

Inventory:

Hand Weapons
 a - a +0 war axe (weapon)
Armour
 b - a +0 scale mail (worn)
 c - a +0 kite shield (worn)
 j - a +1 hat (worn)
Jewellery
 q - an amulet of the acrobat (around neck)
Scrolls
 e - 3 scrolls of identify {unknown}
 g - a scroll of remove curse {unknown}
 h - 3 scrolls of magic mapping {unknown}
 i - a scroll of random uselessness {unknown}
 l - 2 scrolls of teleportation {unknown}
 m - 2 scrolls of noise {unknown}
 p - a scroll of fear {unknown}
 r - a scroll of enchant armour {unknown}
Potions
 d - a potion of might {@q3}
 f - 2 potions of degeneration {unknown}
 k - 2 potions of berserk rage {unknown}
 n - a potion of curing {unknown}
 o - a potion of magic {unknown}
 s - a potion of haste {unknown}


   Skills:
 + Level 5.2 Fighting
 * Level 8.1 Axes
 + Level 6.3 Armour
 + Level 6.4 Shields


You had 7 spell levels left.
You didn't know any spells.
Your spell library was empty.

Dungeon Overview and Level Annotations

Branches:
Dungeon (7/15)             Temple (1/1) D:6

Altars:
Ashenzari
Cheibriados
Dithmenos
Gozag
Kikubaaqudgha
Ru
Sif Muna
Trog
Vehumet
Xom
Yredelemnul
Zin

Shops:
D:5 (


Innate Abilities, Weirdness & Mutations

You are resistant to damage.
You can heal yourself by infusing magical energy.
You passively map a small area around you.
You do not regenerate.


Message History

You are more poisoned.
You feel as though you will be slow longer.
You feel much better.
You feel very sick. The hornet stings you!
You feel as though you will be slow longer.
The hornet stings you.
You feel as though you will be slow longer.
The hornet barely misses you.
You hit the hornet.
The hornet is lightly wounded.
You feel very sick. The hornet barely misses you.
The hornet stings you but does no damage.
You barely miss the hornet.
The hornet is lightly wounded.
You feel very sick. The hornet stings you.
You feel as though you will be slow longer.
You block the hornet's attack. The hornet closely misses you.
You hit the hornet.
The hornet is lightly wounded.
You feel very sick. The hornet closely misses you.
The hornet stings you but does no damage.
You block the hornet's attack.
You hit the hornet.
The hornet is moderately wounded.
You feel sick. The hornet stings you.
You feel as though you will be slow longer.
The hornet stings you but does no damage.
You closely miss the hornet.
The hornet is moderately wounded.
The hornet stings you!
You feel as though you will be slow longer.
The hornet stings you!
* * * LOW HITPOINT WARNING * * *
You feel as though you will be slow longer.
You block the hornet's attack.
You are too injured to fight recklessly!
You are too injured to fight recklessly!
You are too injured to fight recklessly!
You are too injured to fight recklessly!
You are too injured to fight recklessly!
You are too injured to fight recklessly!
You are too injured to fight recklessly!
You are too injured to fight recklessly!
You are too injured to fight recklessly!
You are too injured to fight recklessly!
You are too injured to fight recklessly!
You are too injured to fight recklessly!
You are too injured to fight recklessly!
You are too injured to fight recklessly!
You are too injured to fight recklessly!
You are too injured to fight recklessly!
You are too injured to fight recklessly!
You are too injured to fight recklessly!
You are too injured to fight recklessly!
Your magical essence is drained by the effort!
You feel much better. You block the hornet's attack.
The hornet barely misses you.
You don't have enough innate magic capacity.
You don't have enough innate magic capacity.
You don't have enough innate magic capacity.
You don't have enough innate magic capacity.
You closely miss the hornet.
The hornet is lightly wounded.
The hornet stings you.
You feel as though you will be slow longer.
The hornet stings you!
You feel as though you will be slow longer.
The hornet barely misses you.
You are too injured to fight recklessly!
You are too injured to fight recklessly!
You are too injured to fight recklessly!
You are too injured to fight recklessly!
You are too injured to fight recklessly!
You are too injured to fight recklessly!
You are too injured to fight recklessly!
The hornet stings you!
* * * LOW HITPOINT WARNING * * *
You feel as though you will be slow longer.
You block the hornet's attack.
You block the hornet's attack. x2; The hornet misses you.
The hornet barely misses you. You block the hornet's attack.
The hornet misses you. The hornet stings you!
* * * LOW HITPOINT WARNING * * *
You are more poisoned.
You feel as though you will be slow longer.
The hornet completely misses you. The hornet stings you.
You are lethally poisoned!
You feel as though you will be slow longer.
* * * LOW HITPOINT WARNING * * *
You feel very sick. You block the hornet's attack.
The hornet completely misses you. You block the hornet's attack.
* * * LOW HITPOINT WARNING * * *
You feel very sick. The hornet misses you. The hornet closely misses you.
You die...

,, , ,
#......... , ,,
, #........ , *
#.......# . *
#.....#.##..
#...........
....#?...(. * +
** * #.........
* #.@y...... ,
####.^..^.... ^
#<.......^... *
#.#.^.^^....^ ,
**#)##.....^^..
, ,,
...+.^....... ,
#####.......^.
##......^.
#....^. *


You could see a hornet.

Vanquished Creatures
  Grinder (D:5)
  Duvessa (D:5)
  An ice beast (D:6)
  5 ogres
  A necrophage (D:6)
  A centaur (D:6)
  A wyvern skeleton (D:7)
  Dowan (D:5)
  2 scorpions
  A howler monkey (D:6)
  A hound (D:6)
  An orc priest (D:5)
  5 orc wizards
  An iguana (D:6)
  4 worker ants
  4 gnolls (D:3)
  4 adders
  A white imp (D:6)
  5 worms
  A dart slug (D:3)
  2 leopard geckos
  16 orcs
  2 giant cockroaches
  3 goblins
  3 hobgoblins
  3 jackals (D:4)
  2 quokkas (D:2)
  A ball python (D:2)
  3 bats
  4 frilled lizards
  5 kobolds
  A quokka skeleton (D:4)
  A rat (D:1)
88 creatures vanquished.

Notes
Turn   | Place    | Note
-------+----------+-------------------------------------------
     0 | D:1      | EnegeticOcto the Deep Dwarf Fighter began the quest for the
                  | Orb.
     0 | D:1      | Reached XP level 1. HP: 20/20 MP: 1/1
   124 | D:2      | Reached XP level 2. HP: 27/27 MP: 2/2
   266 | D:2      | Reached skill level 3 in Axes
   317 | D:2      | Reached XP level 3. HP: 33/33 MP: 3/3
   370 | D:3      | Reached XP level 4. HP: 42/42 MP: 3/3
   615 | D:4      | Reached skill level 4 in Axes
   615 | D:4      | Reached XP level 5. HP: 35/49 MP: 4/4
   706 | D:4      | Reached XP level 6. HP: 56/56 MP: 5/5
  1020 | D:4      | Reached skill level 5 in Axes
  1121 | D:4      | Found an opulent altar of Gozag.
  1139 | D:5      | Entered Level 5 of the Dungeon
  1144 | D:5      | Noticed Dowan
  1152 | D:5      | Noticed Duvessa
  1153 | D:5      | Killed Dowan
  1153 | D:5      | Reached XP level 7. HP: 53/64 MP: 6/6
  1160 | D:5      | Reached skill level 5 in Shields
  1186 | D:5      | Killed Duvessa
  1186 | D:5      | Reached skill level 5 in Armour
  1215 | D:5      | Reached skill level 6 in Axes
  1364 | D:5      | Noticed Grinder
  1369 | D:5      | Paralysed by Grinder for 2 turns
  1372 | D:5      | Killed Grinder
  1638 | D:5      | Found Ujoludwu's Weapon Emporium.
  1692 | D:6      | Reached XP level 8. HP: 44/73 MP: 3/3
  1696 | D:6      | Reached skill level 7 in Axes
  1718 | D:6      | Reached skill level 5 in Fighting
  1763 | D:6      | Found a staircase to the Ecumenical Temple.
  1779 | Temple   | Entered the Ecumenical Temple
  2157 | D:6      | Found a shimmering altar of Xom.
  2157 | D:6      | Found a shimmering altar of Xom.
  2157 | D:6      | Found a shimmering altar of Xom.
  2158 | D:6      | Found a shimmering altar of Xom.
  2159 | D:6      | Found a shimmering altar of Xom.
  2159 | D:6      | Found a shimmering altar of Xom.
  2160 | D:6      | Found a shimmering altar of Xom.
  2357 | D:7      | Reached skill level 8 in Axes
  2364 | D:7      | Noticed a hornet
  2387 | D:7      | HP: 1/74 [poisoned by a hornet]
  2388 | D:7      | Succumbed to a hornet's poison

Illustrated notes

Levels and vault maps discovered:
D:1:      lightli_arrival_windingriver, layout_basic
D:2:      layout_basic
D:3:      layout_loops_ring, nicolae_overflow_hidden_temple,
          makhleb_altar_promises_db
D:4:      layout_loops_ring, kennysheep_mini
D:5:      layout_cave_pools, serial_shops, nicolae_shop_behind_doors,
          uniq_grinder, uniq_duvessa
D:6:      layout_cave_pools, minmay_temple_entry_water_ring, moated_statue,
          xom_redecorated
D:7:      layout_basic, kennysheep_little_box, serial_glass, glass_columns_c,
          glass_columns_b, serial_shops, nicolae_shop_window_shopping, shop,
          shop, minmay_holes, uniq_harold
Temple:   minmay_temple_curvy_loop

Skill      XL: |  1  2  3  4  5  6  7  8 |
---------------+-------------------------+-----
Axes           | 3 4 5 6 8 |  8.1
Fighting       | 3 4 5 |  5.2
Armour         | 4 5 6 |  6.3
Shields        | 4 5 6 |  6.4

Action                   |  1- 3 |  4- 6 |  7- 9 || total
-------------------------+-------+-------+-------++-------
Melee: War axe           |    72 |   156 |   143 ||   371
 Abil: Heal Wounds       |     4 |     3 |    13 ||    20
Armor: Scale mail        |    23 |    81 |    65 ||   169
Dodge: Dodged            |    26 |    54 |    53 ||   133
Block: Kite shield       |    41 |   100 |    94 ||   235

Table legend: (Time is in decaauts)
 A = Elapsed time spent in this place.
 B = Non-inter-level travel time spent in this place.
 C = Inter-level travel time spent in this place.
 D = Time resting spent in this place.
 E = Time spent auto-exploring this place.
 F = Levels seen in this place.
 G = Mean time per level.
                   A        B        C        D        E       F      G
               +--------+--------+--------+--------+--------+-----+--------+
         Total |   2522 |   2403 |    119 |      0 |   1628 |   8 |  315.2 |
       Dungeon |   2312 |   2218 |     94 |      0 |   1442 |   7 |  330.3 |
        Temple |    210 |    186 |     24 |      0 |    186 |   1 |  210.0 |
               +--------+--------+--------+--------+--------+-----+--------+

Top non-repeatable levels by time:
     D:4: 661 daAuts
     D:5: 565 daAuts
     D:6: 472 daAuts
     D:2: 226 daAuts
     D:3: 217 daAuts
  Temple: 210 daAuts
     D:1: 119 daAuts
     D:7: 50 daAuts
